[Event "December 5 Early 2023"]
[Site "https://www.chess.com"]
[Date "2023.12.05"]
[Round "5"]
[White "Marchesich, Giovanni"]
[Black "BestestBP"]
[Result "1-0"]
[Board "194"]
[TimeControl "180+1"]
[WhiteFideId "2824790"]
[WhiteElo "2400"]
[BlackElo "2060"]
[WhiteTeam "ITA"]
[WhiteClock "0:01:45"]
[BlackClock "0:00:00"]

1. e4 e5 2. Nf3 Nc6 3. Bc4 Nf6 4. Qe2 Be7 5. O-O O-O 6. c3 d6 7. h3 a6 8. Bb3 h6 9. d4 exd4 10. cxd4 d5 11. e5 Ne4 12. Nc3 Nxc3 13. bxc3 Bf5 14. Be3 Na5 15. Bc2 Bxc2 16. Qxc2 Nc4 17. Nd2 b5 18. Nxc4 bxc4 19. f4 c5 20. f5 cxd4 21. Bxd4 f6 22. e6 Qa5 23. Qf2 Rac8 24. Rae1 Rfe8 25. Kh1 Bc5 26. Qf4 Bxd4 27. Qxd4 Qc5 28. Rd1 Qxd4 29. Rxd4 Rc5 30. Rfd1 g6 31. Rxd5 Rxd5 32. Rxd5 gxf5 33. Rxf5 Rxe6 34. Rc5 Re2 35. a4 Re4 36. Rc6 a5 37. Kg1 Kg7 38. Kf2 Kg6 39. Kf3 1-0

[Event "December 5 Early 2023"]
[Site "https://www.chess.com"]
[Date "2023.12.05"]
[Round "5"]
[White "Reinecke, Katharina"]
[Black "Marcziter, Dmitrii"]
[Result "0-1"]
[Board "195"]
[TimeControl "180+1"]
[WhiteFideId "12929727"]
[BlackFideId "13900765"]
[WhiteElo "2024"]
[BlackElo "2384"]
[WhiteTeam "GER"]
[BlackTeam "GER"]
[WhiteClock "0:00:00"]
[BlackClock "0:00:22"]

1. d4 Nf6 2. c4 g6 3. Nf3 Bg7 4. g3 O-O 5. Bg2 d5 6. cxd5 Nxd5 7. O-O Nb6 8. e3 Nc6 9. Nh4 Bd7 10. f4 e6 11. Nc3 Rb8 12. a3 Na5 13. b4 Nac4 14. Nf3 a5 15. Ne5 Bc8 16. Qe2 Nxe5 17. fxe5 Ra8 18. Bd2 Nd5 19. Ne4 axb4 20. axb4 Bd7 21. Rxa8 Qxa8 22. Nf6+ Nxf6 23. exf6 Bh8 24. e4 e5 25. dxe5 Re8 26. Bc3 Qa7+ 27. Kh1 Qa4 28. Ra1 Qb3 29. Qd2 Be6 30. Bf1 Bg4 31. Qb2 Qe6 32. Bg2 Rd8 33. Qc2 h5 34. Bb2 Qd7 35. Rc1 c6 36. Bf1 Bf3+ 37. Bg2 Bg4 38. Rb1 h4 39. gxh4 Bh3 40. Rg1 Qg4 41. Bxh3 Qxh3 42. Qg2 Qxh4 43. Qg3 Qxe4+ 44. Qg2 Qxb4 45. Ba1 Qh4 46. Rb1 Qh5 47. h3 Rd3 48. Kh2 Ra3 49. Rxb7 Rxa1 50. Rb8+ Kh7 51. Rb7 Qxe5+ 52. Qg3 Ra2+ 53. Kh1 Qxg3 0-1

[Event "December 5 Early 2023"]
[Site "https://www.chess.com"]
[Date "2023.12.05"]
[Round "5"]
[White "Gulamirian, Korun"]
[Black "Ovezdurdyyeva, Jemal"]
[Result "0-1"]
[Board "196"]
[TimeControl "180+1"]
[WhiteFideId "4144899"]
[BlackFideId "14001888"]
[WhiteElo "2018"]
[BlackElo "2373"]
[WhiteTeam "RUS"]
[BlackTeam "TKM"]
[WhiteClock "0:00:00"]
[BlackClock "0:01:20"]

1. e4 d6 2. d4 Nf6 3. Nc3 g6 4. f4 c6 5. Nf3 b5 6. e5 dxe5 7. fxe5 Nd5 8. Nxd5 Qxd5 9. Bd3 Bg7 10. c3 O-O 11. O-O Nd7 12. Bg5 f6 13. exf6 exf6 14. Bf4 Nb6 15. Re1 Be6 16. Bc2 Bf7 17. b3 Rfe8 18. Qd2 c5 19. h4 c4 20. b4 Qh5 21. Bg3 Bh6 22. Qf2 Nd5 23. Be4 Rad8 24. Bxd5 Bxd5 25. Rxe8+ Rxe8 26. Re1 Re4 27. Rxe4 Bxe4 28. Qe2 Qg4 29. Kf2 Kf7 30. Qd2 Bxd2 0-1

[Event "December 5 Early 2023"]
[Site "https://www.chess.com"]
[Date "2023.12.05"]
[Round "5"]
[White "Mickiewicz, Piotr"]
[Black "Barath1308"]
[Result "0-1"]
[Board "197"]
[TimeControl "180+1"]
[WhiteFideId "1114891"]
[WhiteElo "2393"]
[BlackElo "2369"]
[WhiteTeam "POL"]
[WhiteClock "0:00:00"]
[BlackClock "0:00:15"]

1. e4 c5 2. Nf3 d6 3. d4 cxd4 4. Qxd4 Nc6 5. Bb5 Bd7 6. Qd3 a6 7. Bxc6 Bxc6 8. Nc3 e6 9. Bg5 Nf6 10. O-O-O Be7 11. Nd4 Rc8 12. f4 Qa5 13. Nb3 Qc7 14. Rhe1 O-O 15. Bxf6 Bxf6 16. Qxd6 Qxd6 17. Rxd6 Bxc3 18. bxc3 Rfd8 19. Rxd8+ Rxd8 20. Re3 f6 21. Rd3 Rc8 22. Nd2 Kf7 23. c4 Ke7 24. g3 h6 25. Kb2 g5 26. Kb3 Rg8 27. fxg5 hxg5 28. h3 Rh8 29. g4 Rc8 30. Kb4 Be8 31. Nf3 e5 32. c5 Bc6 33. Nd2 Rh8 34. a4 Ra8 35. Ka5 Rc8 36. c3 Rh8 37. Kb6 Rc8 38. Re3 Rd8 39. Nc4 Rd1 40. Na5 Rb1+ 41. Kc7 Bxa4 42. Nxb7 Bc2 43. Nd6 a5 44. c4 a4 45. c6 Bb3 46. Nf5+ Ke6 47. Rd3 a3 48. Rd6+ Kf7 49. Rd7+ Kf8 50. Rd8+ Kf7 51. Nd6+ Kg7 52. Ra8 a2 53. c5 a1=Q 54. Rxa1 Rxa1 55. Nb7 Kf7 56. Kd7 Be6+ 57. Kd6 Rd1+ 58. Kc7 Ke7 59. Nd6 Rd3 60. Nb7 Rxh3 61. Kb6 Bxg4 62. Nd6 Rb3+ 63. Ka7 Be6 64. c7 g4 0-1

[Event "December 5 Early 2023"]
[Site "https://www.chess.com"]
[Date "2023.12.05"]
[Round "5"]
[White "Tarasova, Viktoriya"]
[Black "Skiadopoulos, Nikolaos"]
[Result "1/2-1/2"]
[Board "198"]
[TimeControl "180+1"]
[WhiteFideId "4175840"]
[BlackFideId "4200772"]
[WhiteElo "2339"]
[BlackElo "1769"]
[WhiteTeam "RUS"]
[BlackTeam "GRE"]
[WhiteClock "0:00:19"]
[BlackClock "0:00:32"]

1. d4 Nf6 2. c4 c5 3. d5 b5 4. cxb5 a6 5. bxa6 e6 6. Nc3 Nxd5 7. Nxd5 exd5 8. Qxd5 Nc6 9. e4 Be7 10. Bc4 O-O 11. Nf3 Bxa6 12. Bxa6 Qa5+ 13. Qd2 Qxa6 14. Qe2 Nb4 15. Qxa6 Rxa6 16. O-O Nc2 17. Rb1 Rxa2 18. Rd1 d6 19. Bf4 Ra6 20. Rd2 Nb4 21. Rbd1 h6 22. Bxd6 Bxd6 23. Rxd6 Rxd6 24. Rxd6 Re8 25. e5 Ra8 26. h4 c4 27. h5 Nd3 28. Rb6 Ra1+ 29. Kh2 Nxf2 30. Rb8+ Kh7 31. Rb7 Kg8 32. Kg3 Nd3 33. Rb8+ Kh7 34. Rb7 Kg8 35. Rb8+ Kh7 36. Rb7 Kg8 1/2-1/2

[Event "December 5 Early 2023"]
[Site "https://www.chess.com"]
[Date "2023.12.05"]
[Round "5"]
[White "Colonetti, Fabio"]
[Black "Teumer, Joerg, Dr."]
[Result "1-0"]
[Board "199"]
[TimeControl "180+1"]
[WhiteFideId "897612"]
[BlackFideId "4643526"]
[WhiteElo "2273"]
[BlackElo "2132"]
[WhiteTeam "ITA"]
[BlackTeam "GER"]
[WhiteClock "0:00:17"]
[BlackClock "0:00:00"]

1. e4 d5 2. exd5 Nf6 3. Bb5+ Bd7 4. Be2 Nxd5 5. Nf3 Bf5 6. O-O e6 7. a3 Be7 8. d4 O-O 9. c4 Nf6 10. Nc3 c5 11. d5 exd5 12. cxd5 Bd6 13. Bg5 h6 14. Bh4 g5 15. Bg3 Bxg3 16. hxg3 Nbd7 17. Bd3 Bxd3 18. Qxd3 Re8 19. Qf5 Kg7 20. Rfe1 Qc7 21. Rad1 Rxe1+ 22. Rxe1 a6 23. Re7 Qd6 24. Qe6 Qxe6 25. dxe6 Nb6 26. Rxf7+ Kg6 27. Rxb7 Nc4 28. b3 Nxa3 29. Ne5+ Kf5 30. Nf7 Kxe6 31. Nxh6 Rd8 32. g4 Rd3 33. Na4 Rd1+ 34. Kh2 Rd2 35. Nxc5+ Kd5 36. Nd7 Rxf2 37. Nxf6+ Rxf6 38. Nf5 Nb5 39. Rg7 Ke4 40. Rxg5 Kf4 41. Rg8 Nc3 42. Rd8 Ne4 43. Rd4 Ke5 44. Ra4 1-0

[Event "December 5 Early 2023"]
[Site "https://www.chess.com"]
[Date "2023.12.05"]
[Round "5"]
[White "Feliz Dotel, Dewar Bienvenido"]
[Black "Martin, Lewis"]
[Result "0-1"]
[Board "200"]
[TimeControl "180+1"]
[WhiteFideId "6402801"]
[BlackFideId "410551"]
[WhiteElo "2087"]
[BlackElo "2258"]
[WhiteTeam "DOM"]
[BlackTeam "ENG"]
[WhiteClock "0:00:05"]
[BlackClock "0:01:58"]

1. d4 d5 2. e3 Nf6 3. Nf3 Nbd7 4. b3 g6 5. Be2 Bg7 6. O-O O-O 7. c4 dxc4 8. bxc4 c5 9. Nc3 cxd4 10. exd4 b6 11. a4 Bb7 12. a5 bxa5 13. Qa4 Nb6 14. Qxa5 Bxf3 15. Bxf3 Nxc4 16. Qxd8 Raxd8 17. Rxa7 e6 18. Bg5 Rxd4 19. h3 h6 20. Bxf6 Bxf6 21. Ra4 Nd2 22. Rxd4 Bxd4 23. Ne4 Nxf1 24. Kxf1 Kg7 25. Ke2 Rb8 26. Kd3 e5 27. Nd2 f5 28. Bd5 Bxf2 29. g4 e4+ 30. Ke2 e3 31. Nc4 f4 32. h4 Bxh4 33. Nd6 Rd8 0-1

[Event "December 5 Early 2023"]
[Site "https://www.chess.com"]
[Date "2023.12.05"]
[Round "5"]
[White "Minina, Veronika"]
[Black "Besso, Guadalupe"]
[Result "1-0"]
[Board "201"]
[TimeControl "180+1"]
[WhiteFideId "4174780"]
[BlackFideId "123161"]
[WhiteElo "2255"]
[BlackElo "2078"]
[WhiteTeam "RUS"]
[BlackTeam "ARG"]
[WhiteClock "0:00:13"]
[BlackClock "0:00:41"]

1. Nf3 d5 2. g3 c6 3. c4 Nf6 4. Bg2 e6 5. O-O Bd6 6. d4 O-O 7. Nc3 Nbd7 8. Qd3 dxc4 9. Qxc4 e5 10. dxe5 Nxe5 11. Nxe5 Bxe5 12. Bg5 Qd4 13. Qxd4 Bxd4 14. Rad1 Bxc3 15. bxc3 Nd7 16. Rd6 Nb6 17. Rfd1 Be6 18. e3 Rfe8 19. Bf1 Bxa2 20. Bd8 Nd5 21. Ba5 b6 22. Bb4 a5 23. Ba3 Nxc3 24. Rc1 Ne4 25. Rdxc6 Rab8 26. f3 Nf6 27. Bd6 Rb7 28. Ba6 Rd7 29. Rxb6 h5 30. e4 a4 31. e5 Nd5 32. Rbc6 Bb3 33. Bb5 Ra8 34. Rc8+ Rxc8 35. Rxc8+ Kh7 36. Bxd7 Nb6 37. Bf5+ g6 38. Rb8 1-0

[Event "December 5 Early 2023"]
[Site "https://www.chess.com"]
[Date "2023.12.05"]
[Round "5"]
[White "Ernst, Luca"]
[Black "Sailer, Mike"]
[Result "1-0"]
[Board "202"]
[TimeControl "180+1"]
[WhiteFideId "45117055"]
[BlackFideId "2012901"]
[WhiteElo "2242"]
[BlackElo "2045"]
[WhiteTeam "FRA"]
[BlackTeam "USA"]
[WhiteClock "0:00:05"]
[BlackClock "0:00:00"]

1. d4 d5 2. Nf3 Nf6 3. Bf4 e6 4. e3 c5 5. Nbd2 cxd4 6. exd4 Bd6 7. Bxd6 Qxd6 8. Bd3 b6 9. Ne5 O-O 10. O-O Ba6 11. Qe2 Bxd3 12. Qxd3 Nc6 13. Rfe1 Rac8 14. c3 Na5 15. Re3 Nc4 16. Ndxc4 dxc4 17. Nxc4 Qd5 18. Ne5 Rfd8 19. a4 Qb3 20. Qe2 Nd5 21. Rg3 Nf4 22. Qg4 Ng6 23. Nxg6 hxg6 24. Qe2 Rc4 25. a5 b5 26. h4 b4 27. cxb4 Qxb4 28. b3 Rcxd4 29. h5 Rd2 30. Qg4 Qxg4 31. Rxg4 gxh5 32. Rb4 Rd1+ 33. Rxd1 Rxd1+ 34. Kh2 Ra1 35. Rb8+ Kh7 36. b4 e5 37. Rb7 a6 38. Rxf7 Ra4 39. Rf5 Rxb4 40. Rxh5+ Kg6 41. Rxe5 Kf6 42. Rc5 Ke6 43. Rc6+ Kd5 44. Rxa6 g5 45. Rg6 Ke4 46. Rxg5 Kf4 47. Rc5 Ra4 48. Kh3 Ra3+ 49. g3+ Kf3 50. Rf5+ Ke2 51. Kh4 Ra4+ 52. g4 Kf1 53. f4 Kg2 54. g5 Kf3 55. g6 Ra1 56. Kg5 Rg1+ 57. Kf6 Ke4 58. g7 Rxg7 59. Kxg7 Kxf5 60. a6 Kxf4 61. a7 1-0

[Event "December 5 Early 2023"]
[Site "https://www.chess.com"]
[Date "2023.12.05"]
[Round "5"]
[White "Garcia Correa, Jose Ricardo"]
[Black "Nikulina, Alena"]
[Result "1-0"]
[Board "203"]
[TimeControl "180+1"]
[WhiteFideId "5101832"]
[BlackFideId "4172051"]
[WhiteElo "2231"]
[BlackElo "2029"]
[WhiteTeam "MEX"]
[BlackTeam "RUS"]
[WhiteClock "0:01:27"]
[BlackClock "0:00:06"]

1. e4 c5 2. Nf3 e6 3. d4 cxd4 4. Nxd4 Nf6 5. Nc3 Nc6 6. Nxc6 bxc6 7. Bd3 e5 8. O-O Be7 9. f4 d6 10. f5 d5 11. Qf3 d4 12. Ne2 g6 13. Qg3 gxf5 14. Qxe5 Rg8 15. exf5 Ng4 16. Qe4 Qd6 17. Bf4 Qf6 18. Nxd4 Kf8 19. h3 Bc5 20. c3 Nh6 21. Be5 Qg5 22. Kh1 Nxf5 23. Nxf5 Bxf5 24. Rxf5 Qg6 25. Raf1 Re8 26. Rxf7+ Qxf7 27. Rxf7+ Kxf7 28. Bc4+ Kf8 29. Qf5+ Ke7 30. Qf6+ Kd7 31. Qf5+ Kd8 32. Bf6+ Kc7 33. Bxg8 Bd6 34. Bh4 Rf8 35. Qxf8 Bxf8 36. Bxh7 Bg7 37. Be4 1-0

[Event "December 5 Early 2023"]
[Site "https://www.chess.com"]
[Date "2023.12.05"]
[Round "5"]
[White "Omariev, Maksim"]
[Black "Petersson, Kjell"]
[Result "1-0"]
[Board "204"]
[TimeControl "180+1"]
[WhiteFideId "4193423"]
[BlackFideId "1705148"]
[WhiteElo "2472"]
[BlackElo "2170"]
[WhiteTeam "RUS"]
[BlackTeam "SWE"]
[WhiteClock "0:00:13"]
[BlackClock "0:00:25"]

1. g4 e5 2. Bg2 h5 3. gxh5 Rxh5 4. d4 d6 5. e4 Nf6 6. dxe5 dxe5 7. Qxd8+ Kxd8 8. Nc3 c6 9. Nge2 Na6 10. Be3 Be6 11. O-O-O+ Kc7 12. Ng3 Rh8 13. a3 Bc5 14. Nf1 Bh3 15. Rg1 g6 16. b4 Bd6 17. Nd2 Bxg2 18. Rxg2 Rh4 19. Nc4 Nxe4 20. Nxe4 Bxb4 21. f3 Be7 22. Nxe5 f5 23. Rd7+ Kc8 24. Rxe7 fxe4 25. Rxg6 Rh8 26. fxe4 Nc7 27. Nc4 Nb5 28. Rgg7 b6 29. Bf4 a5 30. Nxb6+ Kd8 31. Nxa8 1-0

[Event "December 5 Early 2023"]
[Site "https://www.chess.com"]
[Date "2023.12.05"]
[Round "5"]
[White "Kazmaier, Daniel"]
[Black "Osiecki, Stanislaw"]
[Result "1-0"]
[Board "205"]
[TimeControl "180+1"]
[WhiteFideId "2606089"]
[BlackFideId "1102990"]
[WhiteElo "2433"]
[BlackElo "2127"]
[WhiteTeam "CAN"]
[BlackTeam "POL"]
[WhiteClock "0:00:45"]
[BlackClock "0:00:10"]

1. d4 Nf6 2. Bg5 h6 3. Bxf6 exf6 4. c4 d5 5. e3 Bb4+ 6. Nc3 O-O 7. Qb3 Bxc3+ 8. Qxc3 dxc4 9. Bxc4 c6 10. Ne2 Nd7 11. Nf4 Nb6 12. Bb3 a5 13. a3 a4 14. Ba2 Qd6 15. Qc2 Be6 16. Bb1 f5 17. O-O g6 18. Rc1 Nd5 19. Nd3 Nf6 20. Nc5 Ng4 21. g3 b5 22. Nxe6 Qxe6 23. Ba2 Qf6 24. Qxc6 Qxc6 25. Rxc6 Kg7 26. Rac1 Nf6 27. Kg2 Ne4 28. Bb1 Rab8 29. Rc7 b4 30. Ra7 bxa3 31. bxa3 Ra8 32. Rcc7 Rxa7 33. Rxa7 Nd2 34. Ba2 Rb8 35. Rxf7+ Kh8 36. Ra7 Rb2 37. Bd5 Rb5 38. Bc6 Rb2 39. Rxa4 Nb3 40. Rb4 Rb1 41. Bd5 Nd2 42. Rxb1 Nxb1 43. a4 1-0

[Event "December 5 Early 2023"]
[Site "https://www.chess.com"]
[Date "2023.12.05"]
[Round "5"]
[White "Mayaud, Raphael"]
[Black "pauliukevicius"]
[Result "1-0"]
[Board "206"]
[TimeControl "180+1"]
[WhiteFideId "627151"]
[WhiteElo "2425"]
[BlackElo "2115"]
[WhiteTeam "FRA"]
[WhiteClock "0:00:22"]
[BlackClock "0:00:03"]

1. d4 Nf6 2. Bg5 d5 3. Bxf6 exf6 4. e3 Bd6 5. g3 O-O 6. Bg2 c6 7. Ne2 h5 8. h4 Bg4 9. Qd3 Nd7 10. c4 dxc4 11. Qxc4 c5 12. Nbc3 cxd4 13. Nxd4 Ne5 14. Qb3 Nd3+ 15. Kf1 Bc5 16. Nde2 Qe7 17. Nd5 Qe5 18. Qxd3 Rfd8 19. Nec3 a6 20. Qe4 Qd6 21. Kg1 Rac8 22. Kh2 b5 23. Nf4 f5 24. Qb7 Rc7 25. Qd5 Qe7 26. Qb3 b4 27. Ncd5 Qd6 28. f3 Rb7 29. fxg4 fxg4 30. Rhd1 Bxe3 31. Nxe3 Qe5 32. Rxd8+ Kh7 33. Qc2+ g6 34. Nfd5 Rd7 35. Rxd7 a5 36. Rxf7+ Kh6 37. Rf6 b3 38. Qxg6# 1-0

[Event "December 5 Early 2023"]
[Site "https://www.chess.com"]
[Date "2023.12.05"]
[Round "5"]
[White "Jesusesmifuerza"]
[Black "Mesquita, Eduardo Barbosa"]
[Result "1/2-1/2"]
[Board "207"]
[TimeControl "180+1"]
[BlackFideId "22757163"]
[WhiteElo "2114"]
[BlackElo "2407"]
[BlackTeam "BRA"]
[WhiteClock "0:00:09"]
[BlackClock "0:00:57"]

1. d4 d5 2. Nf3 e6 3. e3 Nf6 4. Bd3 Bd6 5. Nbd2 O-O 6. O-O b6 7. Qe2 Bb7 8. c3 Nbd7 9. e4 dxe4 10. Nxe4 Nxe4 11. Bxe4 Bxe4 12. Qxe4 Nf6 13. Qe2 h6 14. Be3 Re8 15. Rfe1 c6 16. Rad1 Qc7 17. h3 Rad8 18. Bd2 b5 19. a3 Nd5 20. Ne5 a6 21. Qg4 Nf6 22. Qe2 c5 23. dxc5 Qxc5 24. Nf3 Nd5 25. Be3 Qc7 26. Bd4 Nf4 27. Qe3 Nd5 28. Qe2 Nf4 29. Qe3 f6 30. Bb6 Nd5 31. Rxd5 Qb7 32. Bxd8 Qxd5 33. Bb6 e5 34. Ba5 Kf7 35. Bb4 Bb8 36. Qe2 e4 37. Nd4 Qe5 38. g3 Qd5 39. Rd1 Be5 40. Nf5 Qe6 41. Nd6+ Kg6 42. Nxe8 Qxh3 43. Qxe4+ Kf7 44. Nd6+ Ke6 45. Qf5+ Qxf5 46. Nxf5 Kxf5 47. Kg2 g5 48. Re1 Bc7 49. Re7 Bd8 50. Rd7 Bb6 51. Rd6 Bc7 52. Rc6 Bd8 53. Rxa6 h5 54. Ra7 Bb6 55. Rc7 Bxc7 56. f3 h4 57. gxh4 gxh4 58. Kh3 Bg3 59. Kg2 Kf4 60. Bd6+ Ke3 61. Bxg3 hxg3 62. Kxg3 Kd2 63. c4 bxc4 64. a4 Kc2 65. a5 Kxb2 66. a6 c3 67. a7 c2 68. a8=Q c1=Q 69. Qb8+ Ka3 70. Qa7+ Kb4 71. Qb6+ Ka4 72. Qxf6 Qg1+ 73. Kf4 Qh2+ 74. Ke4 Kb5 75. Qf4 Qc2+ 76. Ke3 Qc1+ 77. Ke4 Qe1+ 78. Kf5 Kc6 79. Qe4+ Qxe4+ 80. fxe4 Kd7 81. Ke5 Ke7 82. Kd5 Kd7 83. Kd4 Kd6 84. Kd3 Ke6 85. Ke3 Ke5 86. Kf3 Ke6 87. Kf4 Kf6 88. e5+ Ke7 89. Ke4 Ke6 90. Kd4 Ke7 91. Kd5 Kd7 92. e6+ Ke8 93. Ke5 Ke7 94. Kd5 Ke8 95. Kd6 Kd8 96. Ke5 Ke7 97. Kf5 Ke8 98. Kg6 Ke7 99. Kf5 Ke8 100. Kf6 Kf8 101. e7+ Ke8 102. Ke6 1/2-1/2

[Event "December 5 Early 2023"]
[Site "https://www.chess.com"]
[Date "2023.12.05"]
[Round "5"]
[White "Hartikainen, Jarmo"]
[Black "Zampronha, Wladimir Camilo"]
[Result "0-1"]
[Board "208"]
[TimeControl "180+1"]
[WhiteFideId "503134"]
[BlackFideId "2103087"]
[WhiteElo "2107"]
[BlackElo "2375"]
[WhiteTeam "FIN"]
[BlackTeam "BRA"]
[WhiteClock "0:00:00"]
[BlackClock "0:01:01"]

1. e4 c5 2. c3 Nf6 3. e5 Nd5 4. d4 cxd4 5. Nf3 e6 6. cxd4 b6 7. Nc3 Bb7 8. Bd3 Nxc3 9. bxc3 Qc7 10. Bd2 d6 11. Qe2 Nd7 12. O-O dxe5 13. dxe5 Be7 14. Rfe1 O-O 15. Ng5 Bxg5 16. Bxg5 Qc6 17. Be4 Qxe4 18. Qxe4 Bxe4 19. Rxe4 Rac8 20. Bd2 Nc5 21. Re3 Rfd8 22. Be1 Na4 23. Kf1 Rc4 24. Ke2 h6 25. Rc1 b5 26. g3 b4 27. Rd3 Rdc8 28. f4 bxc3 29. Rc2 R8c7 30. Rd8+ Kh7 31. Rb8 Nb6 32. Rd8 Nd5 33. Rb8 g6 34. Rb3 g5 35. fxg5 hxg5 36. Kf3 g4+ 37. Kf2 Re4 38. Ra3 Kg6 39. Ra6 Rxe5 0-1

[Event "December 5 Early 2023"]
[Site "https://www.chess.com"]
[Date "2023.12.05"]
[Round "5"]
[White "Mangialardo, Tiago Carvalho"]
[Black "Harris, Ian"]
[Result "0-1"]
[Board "209"]
[TimeControl "180+1"]
[WhiteFideId "2130718"]
[BlackFideId "2020092"]
[WhiteElo "2090"]
[BlackElo "2359"]
[WhiteTeam "BRA"]
[BlackTeam "USA"]
[WhiteClock "0:00:00"]
[BlackClock "0:00:15"]

1. e4 e5 2. Nf3 Nc6 3. Bb5 Bc5 4. O-O Qf6 5. Nc3 Nge7 6. Nd5 Nxd5 7. exd5 Nd4 8. Nxd4 Bxd4 9. c3 Bb6 10. a4 a6 11. Bc4 O-O 12. d3 d6 13. Qh5 Bd7 14. a5 Ba7 15. Be3 Qg6 16. Qh4 f5 17. Bxa7 Rxa7 18. f4 e4 19. Rae1 Raa8 20. Re3 Rae8 21. Rfe1 Rf7 22. Bb3 Rfe7 23. Rg3 Qf7 24. Rge3 g6 25. Bc2 Qxd5 26. dxe4 fxe4 27. g4 Bc6 28. R1e2 Qxa5 29. f5 gxf5 30. gxf5 Qxf5 31. Rg2+ Rg7 0-1

[Event "December 5 Early 2023"]
[Site "https://www.chess.com"]
[Date "2023.12.05"]
[Round "5"]
[White "Mende, Andreas"]
[Black "Fernandez Hernandez, Gerardo"]
[Result "1-0"]
[Board "210"]
[TimeControl "180+1"]
[WhiteFideId "4631102"]
[BlackFideId "2207400"]
[WhiteElo "2088"]
[BlackElo "2229"]
[WhiteTeam "GER"]
[BlackTeam "ESP"]
[WhiteClock "0:00:46"]
[BlackClock "0:00:01"]

1. c4 e5 2. g3 Nc6 3. Nc3 g6 4. Bg2 Bg7 5. d3 d6 6. e4 f5 7. Nge2 Nf6 8. O-O O-O 9. Nd5 Nh5 10. Be3 f4 11. gxf4 exf4 12. Nexf4 Nxf4 13. Nxf4 Bxb2 14. Rb1 Bg7 15. Nd5 Nd4 16. f4 c6 17. Nb4 a5 18. Nc2 Nxc2 19. Qxc2 Qe7 20. d4 Be6 21. d5 Bf7 22. Qd3 c5 23. Rb6 a4 24. Rfb1 Ra7 25. R6b5 a3 26. e5 dxe5 27. Bxc5 e4 28. Qe3 Qd7 29. Bxa7 Bb2 30. Bd4 Ra8 31. Bxb2 axb2 32. R1xb2 Ra4 33. Qxe4 Qg4 34. Qf3 Qf5 35. Rxb7 Rxc4 36. Qe3 Rxf4 37. d6 Bd5 38. Qe8+ Qf8 39. Bxd5+ Rf7 40. Bxf7+ Kg7 41. Qxf8+ Kxf8 42. Re2 h5 43. Bxg6 h4 44. Re8# 1-0

[Event "December 5 Early 2023"]
[Site "https://www.chess.com"]
[Date "2023.12.05"]
[Round "5"]
[White "Fernandez Sanchez, Mario Andres"]
[Black "Smirnov, Timofey"]
[Result "1-0"]
[Board "211"]
[TimeControl "180+1"]
[WhiteFideId "6501621"]
[BlackFideId "24176427"]
[WhiteElo "2227"]
[BlackElo "2040"]
[WhiteTeam "CRC"]
[BlackTeam "RUS"]
[WhiteClock "0:00:24"]
[BlackClock "0:00:00"]

1. d4 d5 2. Bf4 Bf5 3. c4 e6 4. Qb3 Nc6 5. e3 Nb4 6. Na3 Nf6 7. Nf3 Be7 8. Rc1 c6 9. Be2 O-O 10. O-O a5 11. Nb1 a4 12. Qd1 Nxa2 13. Nh4 Nxc1 14. Qxc1 Bg6 15. Nxg6 hxg6 16. Nc3 Ne4 17. Nxe4 dxe4 18. Qc2 Bd6 19. Qxe4 Bxf4 20. Qxf4 Qb8 21. Qg4 Qd6 22. Qe4 Rfe8 23. Bf3 e5 24. c5 Qe6 25. d5 cxd5 26. Qxd5 Qxd5 27. Bxd5 Rab8 28. Ra1 Red8 29. e4 Rbc8 30. Rxa4 Rxc5 31. g3 Rb5 32. b3 Rc8 33. Ra7 Rc7 34. Kg2 Kh7 35. h4 f6 36. Ra8 Rc3 37. Bg8+ Kh6 38. Bc4 g5 39. hxg5+ Kxg5 40. Bxb5 Rxb3 41. Bd7 b5 42. Rb8 b4 43. Be6 Rb2 44. Bd5 g6 45. Be6 Rb1 46. Kf3 Rb2 47. Bf7 Rb1 48. Rg8 Kh6 49. Bxg6 b3 50. Bf7 Kh7 51. Rb8 b2 52. Be6 Kg7 53. Rb7+ Kg6 54. Kg4 f5+ 55. exf5+ Kf6 56. Rb6 Ke7 57. f3 Kf6 58. Ba2+ 1-0

[Event "December 5 Early 2023"]
[Site "https://www.chess.com"]
[Date "2023.12.05"]
[Round "5"]
[White "Verbin, Valentina"]
[Black "Subramanian, Anusha"]
[Result "1-0"]
[Board "212"]
[TimeControl "180+1"]
[WhiteFideId "13905910"]
[BlackFideId "477710"]
[WhiteElo "2211"]
[BlackElo "2037"]
[WhiteTeam "MDA"]
[BlackTeam "ENG"]
[WhiteClock "0:00:07"]
[BlackClock "0:00:00"]

1. e4 c6 2. c4 d5 3. exd5 cxd5 4. cxd5 Nf6 5. Qa4+ Bd7 6. Qb3 Qc7 7. Nc3 a6 8. Nf3 e6 9. dxe6 Bxe6 10. Qc2 Bd6 11. Be2 O-O 12. O-O Nc6 13. a3 Rfe8 14. d4 Bg4 15. d5 Bxf3 16. Bxf3 Bxh2+ 17. Kh1 Nd4 18. Qd1 Nxf3 19. Qxf3 Be5 20. Bg5 Bxc3 21. bxc3 Nd7 22. Rac1 Qe5 23. Bf4 Qf6 24. c4 Ne5 25. Qg3 Ng6 26. Bg5 Qf5 27. d6 f6 28. Be3 Re4 29. Kg1 Qh5 30. Rfd1 Rh4 31. f3 Rh1+ 32. Kf2 Rxd1 33. Rxd1 Ne5 34. d7 Rd8 35. Bb6 Rxd7 36. Rxd7 Nxd7 37. Qc7 Qf7 38. Qxb7 Ne5 39. Qxf7+ Nxf7 40. c5 Ne5 41. f4 Nd3+ 42. Ke3 Nb2 43. Kd4 Na4 44. Kd5 Kf7 45. Kc6 Ke6 46. Kb7 Kf5 47. c6 Nc3 48. c7 Nd5 49. c8=Q+ 1-0

[Event "December 5 Early 2023"]
[Site "https://www.chess.com"]
[Date "2023.12.05"]
[Round "5"]
[White "Saim, Mohamed Ilias"]
[Black "NastyaHn"]
[Result "0-1"]
[Board "213"]
[TimeControl "180+1"]
[WhiteFideId "7900465"]
[WhiteElo "1996"]
[BlackElo "2210"]
[WhiteTeam "ALG"]
[WhiteClock "0:00:00"]
[BlackClock "0:00:02"]

1. d4 d5 2. Nf3 Nf6 3. c4 e6 4. e3 c5 5. Nc3 cxd4 6. exd4 Nc6 7. Be2 Be7 8. O-O O-O 9. Re1 b6 10. Bf4 Bb7 11. Rc1 Rc8 12. b3 dxc4 13. bxc4 Na5 14. Nb1 Bb4 15. Nbd2 Bxf3 16. Bxf3 Qxd4 17. Be3 Qd7 18. Re2 Rfd8 19. Qc2 b5 20. Qb2 Nxc4 21. Qxb4 a5 22. Qb1 Na3 23. Qa1 Nc2 24. Qb1 Nxe3 25. Rxc8 Rxc8 26. fxe3 Nd5 27. Bxd5 Qxd5 28. Nf3 Qc5 29. Re1 b4 30. h3 a4 31. Qd1 a3 32. Qb3 g6 33. Kh2 Rd8 34. Kh1 e5 0-1

[Event "December 5 Early 2023"]
[Site "https://www.chess.com"]
[Date "2023.12.05"]
[Round "5"]
[White "Tilahun , Abel Mathewos"]
[Black "Florianovitz, Derlei Alex"]
[Result "1-0"]
[Board "214"]
[TimeControl "180+1"]
[WhiteFideId "15702391"]
[BlackFideId "2114178"]
[WhiteElo "1992"]
[BlackElo "2208"]
[WhiteTeam "ETH"]
[BlackTeam "BRA"]
[WhiteClock "0:00:41"]
[BlackClock "0:00:46"]

1. d4 Nf6 2. c4 e6 3. Nf3 Bb4+ 4. Bd2 a5 5. a3 Be7 6. g3 b6 7. Bg2 Bb7 8. O-O d6 9. Nc3 Nbd7 10. Rc1 O-O 11. Re1 Ne4 12. Qc2 f5 13. d5 exd5 14. Nxd5 Bxd5 15. cxd5 Rc8 16. Nd4 Nxd2 17. Qxd2 Nc5 18. b4 axb4 19. axb4 Ne4 20. Bxe4 fxe4 21. Ne6 Qd7 22. Nxf8 Rxf8 23. Qd4 Qf5 24. Rxc7 Bf6 25. Qxb6 h5 26. Rf1 h4 27. Qe3 Bg5 28. Qd4 hxg3 29. Qxg7# 1-0

[Event "December 5 Early 2023"]
[Site "https://www.chess.com"]
[Date "2023.12.05"]
[Round "6"]
[White "Firouzja, Alireza"]
[Black "Oparin, Grigoriy"]
[Result "1-0"]
[Board "1"]
[TimeControl "180+1"]
[WhiteFideId "12573981"]
[BlackFideId "24125890"]
[WhiteElo "3177"]
[BlackElo "3064"]
[WhiteTeam "FRA"]
[BlackTeam "USA"]
[WhiteClock "0:00:17"]
[BlackClock "0:00:04"]

1. e4 c5 2. Nf3 Nc6 3. d4 cxd4 4. Nxd4 Nf6 5. Nc3 e6 6. Be2 d6 7. O-O Be7 8. Be3 O-O 9. a4 a6 10. f4 Bd7 11. Nb3 Na5 12. Nd2 Rc8 13. Bd3 Qc7 14. g4 Nc6 15. g5 Ne8 16. Qh5 Nb4 17. Rf3 Nxd3 18. cxd3 d5 19. Rh3 h6 20. f5 exf5 21. Nxd5 Qd8 22. gxh6 g6 23. h7+ Kh8 24. Qh6 Ng7 25. Bd4 f6 26. Nf4 Be8 27. Nf3 fxe4 28. dxe4 g5 29. Rg3 Rc5 30. Rd1 Bf7 31. Nxg5 Qb6 32. Nxf7+ Rxf7 33. Ng6# 1-0